[Event "Goteborg Open 2018"]
[Site "Molnlycke kulturhus, Biblioteksgatan 2, Molnlycke, Sweden"]
[Date "2018.08.17"]
[Round "1.1"]
[White "Golubka, Petro"]
[Black "Ottgard, Andreas"]
[Result "1-0"]
[TimeControl "15 minutes + 5 seconds per move from move one (Round 1 - 4) / 90 minutes + 30 seconds per move from move one (Round 5 - 8)"]
[WhiteTitle "IM"]
[WhiteFideId "14114224"]
[BlackFideId "1730592"]
[WhiteElo "2478"]
[BlackElo "1871"]

1. d4 Nf6 2. Nf3 g6 3. c4 c5 4. d5 e6 5. Nc3 exd5 6. cxd5 d6 7. e4 Bg7 8. h3 O-O 9. Bd3 b5 10. O-O a6 11. Bf4 Re8 12.
Re1 Bb7 13. Rc1 Nh5 14. Bg5 Qc7 15. Qd2 Nd7 16. b3 Ne5 17. Be2 Nxf3+ 18. Bxf3 Nf6 19. e5 Rxe5 20. Rxe5 dxe5 21. Bxf6 Bxf6 22.
Ne4 Qd8 23. Nxf6+ Qxf6 24. Rxc5 Qd6 25. b4 Rc8 26. Qc3 Rd8 27. g3 f5 28. Bd1 Rd7 29. Bb3 Kf8 30. a3 Qe7 31. Kf1 Qg7 32.
a4 bxa4 33. Bxa4 1-0

[Event "Goteborg Open 2018"]
[Site "Molnlycke kulturhus, Biblioteksgatan 2, Molnlycke, Sweden"]
[Date "2018.08.17"]
[Round "1.2"]
[White "Andersson, Stig"]
[Black "Gritsak, Orest"]
[Result "0-1"]
[TimeControl "15 minutes + 5 seconds per move from move one (Round 1 - 4) / 90 minutes + 30 seconds per move from move one (Round 5 - 8)"]
[BlackTitle "GM"]
[WhiteFideId "1731971"]
[BlackFideId "14102188"]
[WhiteElo "1865"]
[BlackElo "2464"]

1. d4 d5 2. e3 Nf6 3. Nf3 e6 4. Nbd2 c5 5. c3 Nbd7 6. Bd3 a6 7. O-O b5 8. Ne5 Bb7 9. Nxd7 Qxd7 10.
f3 Bd6 11. Qe1 Qc7 12. g3 O-O 13. e4 cxd4 14. cxd4 e5 15. dxe5 Bxe5 16. exd5 Bxd5 17. Ne4 Rfe8 18. Nxf6+ Bxf6 19.
Qd1 Rad8 20. Bf4 Qb6+ 21. Kg2 Bc4 0-1

[Event "Goteborg Open 2018"]
[Site "Molnlycke kulturhus, Biblioteksgatan 2, Molnlycke, Sweden"]
[Date "2018.08.17"]
[Round "1.3"]
[White "Vypkhaniuk, Ihor"]
[Black "Westergren, Bertil"]
[Result "1-0"]
[TimeControl "15 minutes + 5 seconds per move from move one (Round 1 - 4) / 90 minutes + 30 seconds per move from move one (Round 5 - 8)"]
[WhiteTitle "FM"]
[WhiteFideId "14112256"]
[BlackFideId "1712012"]
[WhiteElo "2357"]
[BlackElo "1857"]

1. Nf3 d5 2. c4 c6 3. e3 Nf6 4. Nc3 e6 5. b3 Be7 6. Qc2 O-O 7. Be2 Nbd7 8. d4 a6 9. O-O Qc7 10.
Bb2 dxc4 11. bxc4 b5 12. c5 Re8 13. Ng5 h6 14. Nge4 Nd5 15. Rac1 N7f6 16. Ng3 Nxc3 17. Qxc3 Nd5 18.
Qd2 Bf6 19. f4 g6 20. Kh1 Bg7 21. Ne4 f6 22. Nd6 Rf8 23. e4 Ne7 24. Bd3 Bd7 25. Rce1 f5 26. exf5 Nxf5 27. Bxf5 gxf5 28.
Rf3 Bf6 29. Bc3 a5 30. Ree3 b4 31. Bb2 Kh7 32. Rh3 Bg7 33. Reg3 Be8 34. Qe1 Bf7 35. Rg5 Rh8 36. d5 1-0

[Event "Goteborg Open 2018"]
[Site "Molnlycke kulturhus, Biblioteksgatan 2, Molnlycke, Sweden"]
[Date "2018.08.17"]
[Round "1.4"]
[White "Knutsson, Hakan"]
[Black "Rydstrom, Tom"]
[Result "0-1"]
[TimeControl "15 minutes + 5 seconds per move from move one (Round 1 - 4) / 90 minutes + 30 seconds per move from move one (Round 5 - 8)"]
[BlackTitle "FM"]
[WhiteFideId "1706810"]
[BlackFideId "1714830"]
[WhiteElo "1836"]
[BlackElo "2316"]

1. e4 c5 2. Nf3 e6 3. d4 cxd4 4. Nxd4 a6 5. Nc3 Qc7 6. Be2 b5 7. a3 Bb7 8. O-O Nf6 9. Bd3 Be7 10.
Kh1 d5 11. exd5 Nxd5 12. Ne4 Nc6 13. Nxc6 Qxc6 14. f3 O-O 15. Qe1 Rae8 16. Qg3 f5 17. Bh6 Rf7 18. Ng5 gxh6 19. Nxf7+ Kxf7 20.
Rae1 Bf6 21. c3 Rg8 22. Qf2 Nf4 0-1

[Event "Goteborg Open 2018"]
[Site "Molnlycke kulturhus, Biblioteksgatan 2, Molnlycke, Sweden"]
[Date "2018.08.17"]
[Round "1.5"]
[White "Lacko, Pavel"]
[Black "Mohammed, Safian Haj"]
[Result "0-1"]
[TimeControl "15 minutes + 5 seconds per move from move one (Round 1 - 4) / 90 minutes + 30 seconds per move from move one (Round 5 - 8)"]
[WhiteFideId "1701274"]
[BlackFideId "1729276"]
[WhiteElo "2209"]
[BlackElo "1807"]

1. d4 Nf6 2. c4 e5 3. dxe5 Ng4 4. Nf3 Nc6 5. e3 Ngxe5 6. Nxe5 Nxe5 7. Be2 Bb4+ 8. Bd2 Qe7 9. O-O Bxd2 10.
Qxd2 d6 11. Nc3 Be6 12. b3 O-O 13. h3 Qh4 14. f4 Nc6 15. f5 Bd7 16. Nd5 Rac8 17. Rf4 Qh6 18. b4 Rfe8 19. f6 g6 20.
b5 Ne5 21. Ne7+ Rxe7 22. fxe7 Re8 23. Qd4 Rxe7 24. Qxa7 Bxh3 25. gxh3 Qxh3 26. Qd4 c5 27. Qd2 Qg3+ 28. Kf1 g5 29.
Rf2 h5 30. Qxd6 Rd7 31. Qxc5 Qh3+ 32. Ke1 Qh1+ 33. Bf1 Nd3+ 0-1

[Event "Goteborg Open 2018"]
[Site "Molnlycke kulturhus, Biblioteksgatan 2, Molnlycke, Sweden"]
[Date "2018.08.17"]
[Round "1.6"]
[White "Lindholm, Gustav"]
[Black "Lundstrom, Mattias"]
[Result "0-1"]
[TimeControl "15 minutes + 5 seconds per move from move one (Round 1 - 4) / 90 minutes + 30 seconds per move from move one (Round 5 - 8)"]
[WhiteFideId "1736515"]
[BlackFideId "1703536"]
[WhiteElo "1806"]
[BlackElo "2163"]

1. d4 d5 2. c4 e6 3. Nc3 c6 4. Nf3 dxc4 5. a4 Bb4 6. e4 b5 7. Bd2 a5 8. axb5 Bxc3 9. Bxc3 cxb5 10.
b3 Bb7 11. bxc4 b4 12. Bb2 Bxe4 13. c5 Nf6 14. Bb5+ Bc6 15. Qa4 Qd7 16. Ne5 Bxb5 17. Nxd7 Bxa4 18. Nxf6+ gxf6 19. Rxa4 Ke7 20.
Ke2 Rd8 21. Rha1 Nc6 22. Rd1 Rd5 23. Rd2 Rad8 24. Rc2 Rxd4 25. Bxd4 Nxd4+ 26. Kd1 Nxc2+ 27. Kxc2 Ra8 28. Kb3 Kd7 29.
Kc4 Kc6 30. Ra2 f5 31. f4 b3 32. Kxb3 Kxc5 33. Rc2+ Kd6 34. Rd2+ Ke7 35. Ka4 f6 36. Rb2 Ra7 37. Rb5 Kd6 38.
g3 e5 39. Rb6+ Kd5 40. Rxf6 e4 41. Rxf5+ Kd4 42. Re5 e3 43. Re6 Kd3 44. Rd6+ Ke4 45. Rd1 e2 46. Re1 Ke3 47. f5 Kf2 0-1

[Event "Goteborg Open 2018"]
[Site "Molnlycke kulturhus, Biblioteksgatan 2, Molnlycke, Sweden"]
[Date "2018.08.17"]
[Round "1.7"]
[White "Subramanian, Aditya"]
[Black "Henningsson, Eddy"]
[Result "0-1"]
[TimeControl "15 minutes + 5 seconds per move from move one (Round 1 - 4) / 90 minutes + 30 seconds per move from move one (Round 5 - 8)"]
[WhiteFideId "1718924"]
[BlackFideId "1753843"]
[WhiteElo "2151"]
[BlackElo "1791"]

1. d4 e6 2. e4 d5 3. exd5 exd5 4. c4 Nf6 5. Nc3 Bb4 6. Bd3 O-O 7. Nge2 Bg4 8. O-O dxc4 9. Bxc4 c6 10. Bg5 Nbd7 11. Qb3 Qb6 12. Be3 Bd6 13. Qc2 Qc7 14.
Rac1 Bxh2+ 15. Kh1 Bd6 16.
Bb3 Qa5 17. Ng3 Bxg3 18. fxg3 Qh5+ 19. Kg1 Rae8 20. Bf4 Be6 21. g4 Nxg4 22. Rf3 Bf5 23. Qd2 Ngf6 24. Rcf1 Ne4 25. Nxe4 Rxe4 26.
Bd6 Rh4 27. Qe3 Rh1+ 28. Kf2 Rxf1+ 29. Kxf1 Nf6 30. Qe7 Re8 31. Bxf7+ Qxf7 32. Qxf7+ Kxf7 33. Rxf5 Ke6 0-1

[Event "Goteborg Open 2018"]
[Site "Molnlycke kulturhus, Biblioteksgatan 2, Molnlycke, Sweden"]
[Date "2018.08.17"]
[Round "1.8"]
[White "Vu, Melvin"]
[Black "Maddens, Martijn"]
[Result "0-1"]
[TimeControl "15 minutes + 5 seconds per move from move one (Round 1 - 4) / 90 minutes + 30 seconds per move from move one (Round 5 - 8)"]
[BlackTitle "CM"]
[WhiteFideId "1737481"]
[BlackFideId "206962"]
[WhiteElo "1788"]
[BlackElo "2141"]

1. e4 c5 2. d4 cxd4 3. c3 Nf6 4. e5 Nd5 5. Nf3 e6 6. cxd4 d6 7. Bb5+ Bd7 8. Bxd7+ Nxd7 9. O-O Be7 10. Nc3 Nxc3 11. bxc3 dxe5 12. dxe5 Qc7 13. Bf4 O-O 14.
Rc1 Rfd8 15. Qe2 Nb6 16. c4 Rac8 17. Be3 Bc5 18. Bxc5 Qxc5 19. Nd2 Nd7 20. Rfe1 Qa3 21. Nb3 a5 22.
h3 a4 23. Nd4 Qc5 24. Nb5 Rc6 25.
Red1 Qe7 26. Nd4 Rc5 27. f4 h6 28. Qe4 Nb6 29. Qe2 Rdc8 30. Nb5 Rxc4 31. Rxc4 Nxc4 32. Nd6 Nxd6 33. exd6 Qd7 34.
Qe5 f6 35. Qa5 Kf7 36. Kh2 b5 37.
Qd2 Rc6 38. Qd3 Rb6 39. a3 b4 0-1

[Event "Goteborg Open 2018"]
[Site "Molnlycke kulturhus, Biblioteksgatan 2, Molnlycke, Sweden"]
[Date "2018.08.17"]
[Round "1.9"]
[White "Petersson, Baldur Teodor"]
[Black "Strom-Engdahl, Alexander"]
[Result "0-1"]
[TimeControl "15 minutes + 5 seconds per move from move one (Round 1 - 4) / 90 minutes + 30 seconds per move from move one (Round 5 - 8)"]
[WhiteTitle "CM"]
[WhiteFideId "2309157"]
[BlackFideId "1741586"]
[WhiteElo "2138"]
[BlackElo "1747"]

1. e4 e5 2. Nf3 Nf6 3. d4 Nxe4 4. Nxe5 d6 5. Nf3 Be7 6. Bd3 Nf6 7. h3 O-O 8. O-O c6 9. Bf4 Re8 10.
c3 Nbd7 11. Nbd2 d5 12. Qc2 h6 13. Rfe1 Nb6 14. Ne5 Be6 15. Ndf3 Bd6 16. Re2 Qc7 17. Qd2 Nbd7 18. Rae1 b6 19.
Bg3 c5 20. Nxd7 Qxd7 21. Bxd6 Qxd6 22. Bc2 c4 23. Ne5 b5 24. a3 a5 25. f4 b4 26. axb4 axb4 27. f5 Bd7 28. g4 b3 29. Bb1 Rad8 30. g5 hxg5 31.
Qxg5 Nh7 32. Qg4 f6 33. Ng6 Rxe2 34. Rxe2 Re8 35. Rxe8+ Bxe8 36. Nf4 Bd7 37.
h4 Qe7 38. Kf2 Qd6 39. Qf3 Bc6 40. Kg3 Nf8 41. Kg4 Nh7 42. Qe3 Nf8 43. Qf3 Nh7 44. Qf2 Nf8 45. Qe2 Nh7 46. Ng6 Nf8 47. Ne7+ Kh8 48. Kh3 Qd7 49. Qh5+ Nh7 50. Ng6+ Kg8 51. Qe2 Qe8 52. Qxe8+ Bxe8 53. Ne7+ Kf8 54. Nxd5 Bf7 55. Ne3 Ke7 56. Be4 Kd6 57. Kg4 Nf8 58. Bf3 Nd7 59. Be2 Nb6 60. Kf4 Kc6 61. Ke4 Kd6 62. h5 Kc6 63. Kf3 Kd6 64. Kg3 Kc6 65. Ng4 Bxh5 66.
Bf3+ Kd6 67. Kf4 Bxg4 68. Bxg4 Na4 69. Ke3 Nxb2 70. Kd2 Nd3 0-1

[Event "Goteborg Open 2018"]
[Site "Molnlycke kulturhus, Biblioteksgatan 2, Molnlycke, Sweden"]
[Date "2018.08.17"]
[Round "1.10"]
[White "Andersson, Christian"]
[Black "Bengtsson, Siv"]
[Result "0-1"]
[TimeControl "15 minutes + 5 seconds per move from move one (Round 1 - 4) / 90 minutes + 30 seconds per move from move one (Round 5 - 8)"]
[WhiteFideId "1724789"]
[BlackFideId "1701673"]
[WhiteElo "1734"]
[BlackElo "2115"]

1. c4 Nf6 2. g3 g6 3. Nc3 d5 4. cxd5 Nxd5 5. Bg2 Nxc3 6. bxc3 Bg7 7. Nf3 O-O 8. O-O c5 9. Rb1 Qc7 10. Qc2 Nc6 11. e3 Bf5 12. e4 Bg4 13. h3 Bxf3 14. Bxf3 Rad8 15. d3 b6 16. Be3 Qd7 17. Rbd1 Qxh3 18. Rd2 Ne5 19. Be2 h5 20. Rfd1 h4 21. Bf1 Nf3# 0-1

[Event "Goteborg Open 2018"]
[Site "Molnlycke kulturhus, Biblioteksgatan 2, Molnlycke, Sweden"]
[Date "2018.08.17"]
[Round "2.1"]
[White "Bengtsson, Tage"]
[Black "Golubka, Petro"]
[Result "0-1"]
[TimeControl "15 minutes + 5 seconds per move from move one (Round 1 - 4) / 90 minutes + 30 seconds per move from move one (Round 5 - 8)"]
[BlackTitle "IM"]
[WhiteFideId "1713850"]
[BlackFideId "14114224"]
[WhiteElo "2001"]
[BlackElo "2478"]

1. d4 Nf6 2. c4 e6 3. Nc3 Bb4 4. e3 d5 5. Nge2 O-O 6. a3 Be7 7. Ng3 c5 8. cxd5 cxd4 9. exd4 Nxd5 10.
Bd3 Nc6 11. Be4 f5 12. Bxd5 exd5 13. Nge2 Be6 14. Bf4 g5 15. Be5 Bf6 16. f4 Bxe5 17. fxe5 f4 18. Qd2 Na5 19. Qd3 Nc4 20.
Nd1 Rc8 21. O-O Bf5 0-1

[Event "Goteborg Open 2018"]
[Site "Molnlycke kulturhus, Biblioteksgatan 2, Molnlycke, Sweden"]
[Date "2018.08.17"]
[Round "2.2"]
[White "Gritsak, Orest"]
[Black "Bengtsson, Jessica"]
[Result "1-0"]
[TimeControl "15 minutes + 5 seconds per move from move one (Round 1 - 4) / 90 minutes + 30 seconds per move from move one (Round 5 - 8)"]
[WhiteTitle "GM"]
[WhiteFideId "14102188"]
[BlackFideId "1711083"]
[WhiteElo "2464"]
[BlackElo "1978"]

1. Nf3 d5 2. d4 Nf6 3. c4 e6 4. Nc3 Be7 5. Bg5 O-O 6. e3 h6 7. Bh4 b6 8. Rb1 Bb7 9. Bxf6 Bxf6 10.
cxd5 exd5 11. b4 a5 12. b5 Re8 13. Qb3 Qd6 14. Be2 Nd7 15. O-O Nf8 16. Rfd1 Ne6 17. a4 Rad8 18. Rbc1 Rb8 19.
g3 Red8 20. Bf1 c5 21. bxc6 Bxc6 22. Nb5 Qd7 23. Rc2 Qb7 24. Rdc1 Be8 25. h4 Be7 26. Ne5 Bb4 27. Bg2 f6 28.
Nc6 Bxc6 29. Rxc6 Qd7 30. Bxd5 Qxd5 31. Qxd5 Rxd5 32. Rxe6 Rd7 33. Rcc6 Rdb7 34. h5 Kf7 35. g4 Be7 36. f4 Kf8 37. Kf2 Bd8 38. f5 Re7 39. Red6 Ke8 40. Kf3 Rd7 41.
Re6+ Kf8 42. Ke4 Re7 43. Kd5 Rxe6 44. Rxe6 Rb7 45. Nd6 Re7 46. e4 Rxe6 47. fxe6 1-0

[Event "Goteborg Open 2018"]
[Site "Molnlycke kulturhus, Biblioteksgatan 2, Molnlycke, Sweden"]
[Date "2018.08.17"]
[Round "2.3"]
[White "Berg, Roy"]
[Black "Vypkhaniuk, Ihor"]
[Result "0-1"]
[TimeControl "15 minutes + 5 seconds per move from move one (Round 1 - 4) / 90 minutes + 30 seconds per move from move one (Round 5 - 8)"]
[BlackTitle "FM"]
[WhiteFideId "1711458"]
[BlackFideId "14112256"]
[WhiteElo "1957"]
[BlackElo "2357"]

1. d4 d6 2. Nf3 g6 3. g3 Nf6 4.
Bg2 Bg7 5. c4 O-O 6. O-O Nbd7 7. Nc3 e5 8. e4 a6 9. h3 Re8 10. d5 Nc5 11. Ne1 a5 12. Nd3 Nfd7 13.
b3 b6 14. Nxc5 Nxc5 15. Qc2 Bd7 16. Be3 Qc8 17. Kh2 f5 18. Bxc5 bxc5 19. Rae1 Qd8 20. f4 exf4 21. gxf4 Qf6 22.
Nb5 Rac8 23. Qd3 Kh8 24. a4 Qh4 25. Qg3 Qf6 26. Qd3 Kg8 27. Na7 Ra8 28. Nb5 fxe4 29. Bxe4 Bxb5 30. cxb5 Re7 31.
Qf3 Rae8 32. Re2 Qc3 33. Qxc3 Bxc3 34. Rg2 Rxe4 35. f5 Re2 36. Rff2 Be5+ 37. Kh1 Re1+ 38. Rg1 Rxg1+ 0-1

[Event "Goteborg Open 2018"]
[Site "Molnlycke kulturhus, Biblioteksgatan 2, Molnlycke, Sweden"]
[Date "2018.08.17"]
[Round "2.4"]
[White "Rydstrom, Tom"]
[Black "Degerfeldt, Sven"]
[Result "1-0"]
[TimeControl "15 minutes + 5 seconds per move from move one (Round 1 - 4) / 90 minutes + 30 seconds per move from move one (Round 5 - 8)"]
[WhiteTitle "FM"]
[WhiteFideId "1714830"]
[BlackFideId "1717430"]
[WhiteElo "2316"]
[BlackElo "1954"]

1. e4 c5 2. Nf3 d6 3. d4 cxd4 4. Nxd4 Nf6 5. Nc3 a6 6. Be2 e6 7. Be3 Qc7 8. Qd2 b5 9. a3 Bb7 10. f3 Nc6 11. g4 Be7 12. g5 Nd7 13.
h4 b4 14. axb4 Nxb4 15. O-O-O d5 16. exd5 Nxd5 17. Nxd5 Bxd5 18. Nf5 Bf8 19. Kb1 g6 20. Bd4 Rg8 21. Ne3 Bc6 22. Bc3 Bc5 23. Ng4 Bd5 24. Rhe1 a5 25.
Bb5 Bc6 26. Bxc6 Qxc6 27. Qxd7+ Qxd7 28. Nf6+ 1-0

[Event "Goteborg Open 2018"]
[Site "Molnlycke kulturhus, Biblioteksgatan 2, Molnlycke, Sweden"]
[Date "2018.08.17"]
[Round "2.5"]
[White "Lundstrom, Mattias"]
[Black "Olsson, William"]
[Result "1-0"]
[TimeControl "15 minutes + 5 seconds per move from move one (Round 1 - 4) / 90 minutes + 30 seconds per move from move one (Round 5 - 8)"]
[WhiteFideId "1703536"]
[BlackFideId "1741721"]
[WhiteElo "2163"]
[BlackElo "1931"]

1. e4 c5 2. Nc3 Nc6 3. f4 e6 4. Nf3 d5 5. exd5 exd5 6. d4 Nf6 7. Bb5 Bg4 8. O-O Be7 9. h3 Bxf3 10.
Rxf3 O-O 11. dxc5 Bxc5+ 12. Kh1 d4 13. Rd3 Nb4 14. Ne2 Nxd3 15. Qxd3 a6 16. Ba4 b5 17. Bb3 Re8 18. Bd2 Ne4 19. Be1 Qf6 20. Bd5 Nd6 21.
Bxa8 Rxa8 22. Bf2 Nf5 23. c3 Rd8 24. Rd1 Bb6 25. cxd4 h6 26. b3 g5 27. fxg5 hxg5 28. Qf3 Kg7 29.
d5 Bxf2 30. Qxf2 Qe5 31. Qf3 Rd6 32. Qc3 Kf6 1-0

[Event "Goteborg Open 2018"]
[Site "Molnlycke kulturhus, Biblioteksgatan 2, Molnlycke, Sweden"]
[Date "2018.08.17"]
[Round "2.6"]
[White "Maddens, Martijn"]
[Black "Westerlund, Ola"]
[Result "1-0"]
[TimeControl "15 minutes + 5 seconds per move from move one (Round 1 - 4) / 90 minutes + 30 seconds per move from move one (Round 5 - 8)"]
[WhiteTitle "CM"]
[WhiteFideId "206962"]
[BlackFideId "1712101"]
[WhiteElo "2141"]
[BlackElo "1923"]

1. e4 d5 2. exd5 Qxd5 3. Nf3 Nf6 4. d4 Bg4 5. Be2 Nc6 6. Be3 e6 7. c4 Qf5 8. Nbd2 Nb4 9. O-O Nc2 10.
Rc1 Nxe3 11. fxe3 Qa5 12. a3 c6 13.
e4 c5 14. e5 Nd7 15. d5 f5 16. dxe6 Nb6 17. Nb1 Rd8 18. Qc2 Qa4 19. b3 Qc6 20. h3 Bh5 21. Ng5 1-0

[Event "Goteborg Open 2018"]
[Site "Molnlycke kulturhus, Biblioteksgatan 2, Molnlycke, Sweden"]
[Date "2018.08.17"]
[Round "2.7"]
[White "Bengtsson, Siv"]
[Black "Wellevit, Tomas"]
[Result "0-1"]
[TimeControl "15 minutes + 5 seconds per move from move one (Round 1 - 4) / 90 minutes + 30 seconds per move from move one (Round 5 - 8)"]
[WhiteFideId "1701673"]
[BlackFideId "1731963"]
[WhiteElo "2115"]
[BlackElo "1905"]

1. e4 e6 2. d4 d5 3.
Nd2 Nf6 4. e5 Nfd7 5. Bd3 c5 6. c3 Nc6 7.
Ne2 Qb6 8. Nf3 f5 9. exf6 Nxf6 10. O-O Bd6 11. dxc5 Qxc5 12. Qc2 e5 13. Be3 Qa5 14. b4 Qc7 15. Bb5 Bd7 16. Ng3 O-O 17. Bxc6 bxc6 18. a3 Ng4 19.
Bc5 Bxc5 20. bxc5 Rf6 21. c4 Raf8 22. h3 e4 23. hxg4 exf3 24. gxf3 Rxf3 25. Kg2 Bxg4 26. cxd5 cxd5 27. c6 h5 28. Qc5 Qe5 29. Rae1 Qg5 30. Qd6 h4 31. Re5 Bh3+ 32.
Kxh3 Rxg3+ 33. Kh2 Rxf2+ 34. Rxf2 Rh3+ 35. Kxh3 Qg3# 0-1

[Event "Goteborg Open 2018"]
[Site "Molnlycke kulturhus, Biblioteksgatan 2, Molnlycke, Sweden"]
[Date "2018.08.17"]
[Round "2.8"]
[White "Johansson, Roy"]
[Black "Eriksson, Kristian"]
[Result "0-1"]
[TimeControl "15 minutes + 5 seconds per move from move one (Round 1 - 4) / 90 minutes + 30 seconds per move from move one (Round 5 - 8)"]
[WhiteFideId "1745972"]
[BlackFideId "1705172"]
[WhiteElo "1889"]
[BlackElo "2097"]

1. d4 e6 2. Bf4 f5 3. e3 Nf6 4. Nf3 d6 5. h3 Be7 6. Be2 O-O 7. O-O Nc6 8. c4 a5 9. Nc3 Qe8 10.
Nb5 Bd8 11. Bh2 e5 12. c5 Ne4 13. cxd6 cxd6 14. Bc4+ Kh8 15. dxe5 dxe5 16. Bd5 Nb4 17. Bc4 Nc6 18. a3 Be6 19.
Qb3 a4 20. Qa2 Nc5 21. Bxe6 Nxe6 22. Nxe5 Nxe5 23. Bxe5 Qxb5 24. Qxe6 Re8 25. Qxf5 Qxe5 26. Qf3 Bf6 27. Qxb7 Qxb2 28.
Rfb1 0-1

[Event "Goteborg Open 2018"]
[Site "Molnlycke kulturhus, Biblioteksgatan 2, Molnlycke, Sweden"]
[Date "2018.08.17"]
[Round "2.9"]
[White "Rasti, Arvin"]
[Black "Mohammed, Safian Haj"]
[Result "1-0"]
[TimeControl "15 minutes + 5 seconds per move from move one (Round 1 - 4) / 90 minutes + 30 seconds per move from move one (Round 5 - 8)"]
[WhiteFideId "1741160"]
[BlackFideId "1729276"]
[WhiteElo "2091"]
[BlackElo "1807"]

1. d4 Nf6 2. Bf4 g6 3. Nf3 Bg7 4.
e3 d5 5.
Be2 O-O 6. Nc3 c6 7. Ne5 Nbd7 8. h4 h5 9. Qd2 Nxe5 10. Bxe5 b5 11. Bxf6 exf6 12. O-O-O a5 13. g4 Bxg4 14.
Bxg4 hxg4 15. h5 g5 16.
h6 Bh8 17. Qd3 Qd7 18. Ne2 Rfe8 19. Ng3 a4 20. Nf5 Re4 21. h7+ Kf8 22. Qa3+ Ke8 23. Nd6+ Kd8 24. Nxe4 dxe4 25. Qf8+ Qe8 26.
Qxe8+ Kxe8 27. d5 c5 28. d6 Kd7 29. Rd5 a3 30. b3 c4 31. Rxb5 cxb3 32. Rxb3 Kxd6 33. Rd1+ Ke6 34. Rb5 f5 35. Rdd5 Bb2+ 36. Kd1 Rh8 37.
Rxf5 Rxh7 38. Rxg5 Rh1+ 39. Kd2 Rg1 40. Rb6+ Ke7 41. Rb4 Kf6 42. Rgb5 Ra1 43. Rxe4 Rxa2 44. Rf4+ Ke6 45. Rxg4 Ra1 46.
Rgb4 Rb1 47. Ra5 Bc1+ 48. Kc3 Rxb4 49. Kxb4 Bd2+ 50. c3 Bc1 51. Rxa3 1-0

[Event "Goteborg Open 2018"]
[Site "Molnlycke kulturhus, Biblioteksgatan 2, Molnlycke, Sweden"]
[Date "2018.08.17"]
[Round "2.10"]
[White "Henningsson, Eddy"]
[Black "Kardell, Mathias"]
[Result "0-1"]
[TimeControl "15 minutes + 5 seconds per move from move one (Round 1 - 4) / 90 minutes + 30 seconds per move from move one (Round 5 - 8)"]
[WhiteFideId "1753843"]
[BlackFideId "1710109"]
[WhiteElo "1791"]
[BlackElo "2084"]

1. d4 d5 2. Bf4 c6 3. e3 Nf6 4. Bd3 Bg4 5. Nf3 e6 6. Nbd2 Be7 7. h3 Bh5 8. g4 Bg6 9. Qe2 Qb6 10.
O-O-O Nbd7 11. Ne5 Bxd3 12. Qxd3 c5 13. g5 Nxe5 14. Bxe5 c4 15. Qe2 c3 16. Nb3 Ne4 17. Bxg7 cxb2+ 18. Kxb2 Qb4 19. Qd3 Rg8 20. Bf6 Qa3+ 21. Ka1 Bb4 22. Qb5+ Kf8 23. Rd3 Nc3 24. Nc1 Nxb5 25. Rxa3 Nxa3 26.
Kb2 Nb5 27. Nd3 Ba3+ 28. Kb3 Be7 29. Bxe7+ Kxe7 30. h4 Rac8 31. a4 Nd6 32. f3 b6 33. Ne5 Rc7 34. Rh2 Rgc8 35. Rg2 a5 36.
h5 Rc3+ 37. Kb2 Rxe3 38. g6 fxg6 39. hxg6 Nc4+ 40. Ka2 Nxe5 41. dxe5 hxg6 42. Rxg6 Rxe5 43. Rg2 Rf5 44. Rf2 Rc3 45.
Kb2 Rfxf3 46. Rh2 Rh3 47. Rg2 Rcg3 48. Rf2 Kd6 0-1

[Event "Goteborg Open 2018"]
[Site "Molnlycke kulturhus, Biblioteksgatan 2, Molnlycke, Sweden"]
[Date "2018.08.17"]
[Round "3.1"]
[White "Golubka, Petro"]
[Black "Eriksson, Kristian"]
[Result "1-0"]
[TimeControl "15 minutes + 5 seconds per move from move one (Round 1 - 4) / 90 minutes + 30 seconds per move from move one (Round 5 - 8)"]
[WhiteTitle "IM"]
[WhiteFideId "14114224"]
[BlackFideId "1705172"]
[WhiteElo "2478"]
[BlackElo "2097"]

1. d4 e6 2. e4 d5 3. Bd3 dxe4 4. Bxe4 Nf6 5. Bf3 Be7 6. Nc3 O-O 7. Nge2 c5 8. Be3 Nc6 9. dxc5 Qa5 10.
Bxc6 bxc6 11. Nd4 Bd7 12. Nb3 Qc7 13. O-O e5 14. Bg5 Rad8 15. Qf3 Rfe8 16. h3 Be6 17. Rfe1 Nd5 18. Bxe7 Rxe7 19.
Rad1 Red7 20. Ne4 Nb4 21. Nd6 Nxc2 22. Rxe5 Nb4 23. Nd4 Bd5 24. Qe2 h6 25. a3 Na2 26. Re1 Rxd6 27. cxd6 Qxd6 28.
Nf5 Qf6 29. Ne7+ Kh7 30. Nxd5 cxd5 31. Qd3+ g6 32. Rxd5 Rc8 33. Rd7 Rc1 34. Rxc1 Nxc1 35. Qc4 1-0

[Event "Goteborg Open 2018"]
[Site "Molnlycke kulturhus, Biblioteksgatan 2, Molnlycke, Sweden"]
[Date "2018.08.17"]
[Round "3.2"]
[White "Kardell, Mathias"]
[Black "Gritsak, Orest"]
[Result "0-1"]
[TimeControl "15 minutes + 5 seconds per move from move one (Round 1 - 4) / 90 minutes + 30 seconds per move from move one (Round 5 - 8)"]
[BlackTitle "GM"]
[WhiteFideId "1710109"]
[BlackFideId "14102188"]
[WhiteElo "2084"]
[BlackElo "2464"]

1. e4 c5 2. Nf3 e6 3. d4 cxd4 4. Nxd4 Nc6 5. Nc3 a6 6. Be2 Qc7 7. Be3 Nf6 8. f4 Bb4 9. Bf3 Ne7 10.
Qd3 d5 11. e5 Ne4 12. Nde2 Nxc3 13. bxc3 Ba5 14. O-O Bd7 15. Rab1 O-O 16. Rb3 Bb5 17. Qd2 Nf5 18. Bf2 Bc4 19.
Rb2 b5 20. Rfb1 Bxe2 21. Qxe2 Bxc3 22. Rb3 Nd4 23. Bxd4 Bxd4+ 24. Kh1 Rac8 25. Rc1 Bc3 26. Qf2 Qc5 27. Qh4 Qe3 28. Rf1 Rc4 29.
g3 Qd2 30. Rbb1 Bxe5 31. Qh5 Bf6 32. Rbd1 Qxc2 33. Be2 Qe4+ 34. Bf3 Qg6 35. Qh3 Qc2 36. Rfe1 Qf2 37. Be2 Re4 38. Qg4 g6 39. h4 0-1

[Event "Goteborg Open 2018"]
[Site "Molnlycke kulturhus, Biblioteksgatan 2, Molnlycke, Sweden"]
[Date "2018.08.17"]
[Round "3.3"]
[White "Vypkhaniuk, Ihor"]
[Black "Rasti, Arvin"]
[Result "1-0"]
[TimeControl "15 minutes + 5 seconds per move from move one (Round 1 - 4) / 90 minutes + 30 seconds per move from move one (Round 5 - 8)"]
[WhiteTitle "FM"]
[WhiteFideId "14112256"]
[BlackFideId "1741160"]
[WhiteElo "2357"]
[BlackElo "2091"]

1. Nf3 d5 2. g3 Nf6 3. Bg2 g6 4. c4 c6 5. Qa4 Bd7 6. Ne5 Bg7 7. Nxd7 Nbxd7 8. cxd5 Nb6 9. Qa5 Nbxd5 10. Qxd8+ Rxd8 11. O-O O-O 12. d3 Rfe8 13. Nd2 e5 14. a3 Bf8 15. Re1 Bc5 16. Nb3 Bb6 17. Bg5 Kg7 18. Rac1 h6 19.
Bxf6+ Nxf6 20. Nc5 Bxc5 21. Rxc5 e4 22. dxe4 Nxe4 23. Rc4 Nd6 24. Rc2 Nb5 25. e3 Re7 26. a4 Nc7 27. Bh3 f5 28.
Bg2 Red7 29. h4 Rd2 30. Rec1 a5 31. h5 Na6 32. hxg6 Kxg6 33. Rxd2 Rxd2 34. Bxc6 Rxb2 35. Bxb7 Nb4 36. Rd1 Na2 37. Rd6+ Kg5 38.
Bf3 Nc3 39. Rc6 Nxa4 40. Bd1 Rb1 41. f4# 1-0